 Dungeon Crawl Stone Soup version 0.26-a0-1139-g7d2dc893a1 (webtiles) character file.

Game seed: 5018272648079701687

9 Dracia the Skirmisher (level 2, -1/24 HPs)
             Began as a Demonspawn Fighter on Dec 21, 2020.
             Slain by a gnoll
             ... wielding a +0 flail
              (10 damage)
             ... on level 1 of the Dungeon.
             The game lasted 00:00:32 (282 turns).

Dracia the Skirmisher (Demonspawn Fighter)           Turns: 282, Time: 00:00:33

Health: -1/24      AC:  6    Str: 16    XL:     2   Next: 3%
Magic:  2/2        EV:  9    Int:  9    God:
Gold:   0          SH:  0    Dex: 12    Spells: 1/1 levels left

rFire    . . .     SeeInvis .   (no weapon)
rCold    . . .     Faith    .   (no shield)
rNeg     . . .     Spirit   .   b - +0 scale mail
rPois    .         Reflect  .   (no helmet)
rElec    .         Harm     .   (no cloak)
rCorr    .         Rampage  .   (no gloves)
Will     .....                  (no boots)
Stlth    ..........             (no amulet)
HPRegen  0.08/turn              (no ring)
MPRegen  0.08/turn              (no ring)

@: no status effects
A: claws 1
a: no special abilities


You were on level 1 of the Dungeon.
You visited 1 branch of the dungeon, and saw 1 of its levels.


Innate Abilities, Weirdness & Mutations

You have sharp fingernails.


   Skills:
 - Level 3.0 Fighting
 - Level 2.1 Short Blades
 + Level 2.8 Armour
 + Level 0.0 Dodging
 - Level 2.8 Shields
 + Level 0.0 Unarmed Combat


You had one spell level left.
You didn't know any spells.
Your spell library was empty.

Inventory:

Missiles
 a - 8 atropa-tipped darts (quivered)
Armour
 b - a +0 scale mail (worn)
Potions
 d - a potion of might

Dungeon Overview and Level Annotations

Branches:
Dungeon (1/15)

Altars:

#### #.. ..# #.# #.#
#####.#####.#
#........##.#
#.###.##.##.# #†#
#.#.#.#.### #.#
#..###..#.## #@# #.##
##)(..# ......g.#
##.###.##.###
#...#########.#.###...#
## #........## ###.#
#.......## #.#
.#.......# #.#
#........# #.#
.#.......# #.# ...
.#.......# ##.#


You could see a gnoll.


Message History

No target in view!
You see here a rat corpse.
A gnoll comes into view. It is wielding a +0 flail.
The gnoll shouts!
A gnoll is nearby!
A gnoll is nearby!
You barely miss the gnoll. The gnoll hits you with a +0 flail.
Your scale mail prevents you from hitting the gnoll.
You scratch the gnoll but do no damage. The gnoll hits you with a +0 flail!
You scratch the gnoll.
The gnoll is lightly wounded.
The gnoll closely misses you.
You scratch the gnoll but do no damage.
The gnoll is lightly wounded.
The gnoll closely misses you.
Your scale mail prevents you from hitting the gnoll.
The gnoll is lightly wounded.
The gnoll hits you but does no damage.
You scratch the gnoll but do no damage.
The gnoll is lightly wounded.
The gnoll hits you with a +0 flail!
* * * LOW HITPOINT WARNING * * *
You are too injured to fight recklessly!
Unknown command.
You barely miss the gnoll.
The gnoll is lightly wounded.
You scratch the gnoll but do no damage.
The gnoll is lightly wounded.
The gnoll hits you with a +0 flail!
You die...

Skill      XL: |  1 |
---------------+----+-----
Short Blades   | 2 |  2.1
Fighting       | |  3.0
Armour         | |  2.8
Shields        | |  2.8

Action                   || total
-------------------------++-------
Melee: Rapier            ||    29
       Unarmed           ||    12
Armor: Scale mail        ||    13
Dodge: Dodged            ||     7
Block: Kite shield       ||    10

Levels and vault maps discovered:
D:1:      tarquinn_simple_flora_water_d, layout_loops_cross, cheibriados_altar_1

Notes
Turn   | Place    | Note
-------+----------+-------------------------------------------
     0 | D:1      | Dracia the Demonspawn Fighter began the quest for the Orb.
     0 | D:1      | Reached XP level 1. HP: 18/18 MP: 1/1
    56 | D:1      | Reached skill level 2 in Short Blades
   200 | D:1      | You feel monstrous as your demonic heritage exerts itself.
   200 | D:1      | Gained mutation: You have sharp fingernails. [demonic
                  | ancestry]
   200 | D:1      | Reached XP level 2. HP: 20/24 MP: 2/2
   282 | D:1      | Slain by a gnoll

Vanquished Creatures
  A dart slug (D:1)
  A leopard gecko (D:1)
  A bat (D:1)
  2 frilled lizards (D:1)
  2 rats (D:1)
7 creatures vanquished.

Table legend: (Time is in decaauts)
 A = Elapsed time spent in this place.
 B = Non-inter-level travel time spent in this place.
 C = Inter-level travel time spent in this place.
 D = Time resting spent in this place.
 E = Time spent auto-exploring this place.
 F = Levels seen in this place.
 G = Mean time per level.
                   A        B        C        D        E       F      G
               +--------+--------+--------+--------+--------+-----+--------+
         Total |    287 |    287 |      0 |      0 |    220 |   1 |  287.0 |
       Dungeon |    287 |    287 |      0 |      0 |    220 |   1 |  287.0 |
               +--------+--------+--------+--------+--------+-----+--------+

Top non-repeatable levels by time:
     D:1: 287 daAuts

Table legend:
 A = Non-vault XP
 B = Vault XP
 C = Vault XP percentage of total XP
 D = Non-vault monster count
 E = Vault monster count
 F = Vault count percentage of total count
                 A         B        C        D         E       F
            +---------+---------+-------+---------+---------+-------
      Total |      13 |       0 |   0.0 |       7 |       0 |   0.0
            +---------+---------+-------+---------+---------+-------
        D:1 |      13 |       0 |   0.0 |       7 |       0 |   0.0
            +---------+---------+-------+---------+---------+-------
